AoeStats
← José

Hideout

509206589Analyzed
1v1 RM · 7d ago on Sep 25, 2026· 63m 36s· 2 players
Game mode
Random Map
Map size
Tiny (2 player)
Population
200
Speed
Normal
Resources
Standard
Victory
Conquest
Starting age
Dark Age
Ending age
Imperial Age
RankedLock teamsTeams togetherTeam positionsShared explorationLock speedFull tech treeHidden civsTurbo modeCheats
Victory
Defeat
🇨🇱 Persians · Chile
1000
+48
🇷🇴 Celts · Romania
1010
-45
José
4:06 Loom
15:16 Feudal Age
16:04 Man-at-Arms
17:41 Double-Bit Axe
17:59 Scale Mail Armor
19:13 Arson
20:13 Horse Collar
23:17 Forging
24:03 Padded Archer Armor
26:32 Fletching
32:37 Wheelbarrow
32:42 Bloodlines
33:24 Gold Mining
33:28 Town Watch
37:00 Scale Barding Armor
40:09 Castle Age
41:05 Hand Cart
40:52 Town Patrol
41:36 Husbandry
41:45 Squires
42:13 Long Swordsman
43:12 Chain Mail Armor
43:05 Thumb Ring
45:16 Iron Casting
44:06 Crossbowman
45:10 Heavy Plow
45:24 Bow Saw
48:28 Gambesons
50:49 Gold Shaft Mining
53:22 Leather Archer Armor
53:03 Bodkin Arrow
53:30 Chain Barding Armor
59:01 Imperial Age
59:03 Kamandaran
61:44 Elite War Elephant
63:09 Plate Mail Armor
63:17 Plate Barding Armor
Sausadus
10:34 Feudal Age
11:45 Man-at-Arms
13:46 Double-Bit Axe
19:23 Fletching
25:06 Scale Mail Armor
25:07 Padded Archer Armor
32:58 Forging
38:41 Castle Age
39:38 Husbandry
49:28 Bow Saw
49:32 Bodkin Arrow
49:54 Leather Archer Armor
49:46 Scale Barding Armor
51:59 Wheelbarrow
52:10 Wheelbarrow
52:59 Stronghold
52:53 Elite Skirmisher
55:56 Pikeman
57:50 Iron Casting
57:36 Chain Barding Armor
57:31 Chain Mail Armor
61:47 Horse Collar
62:36 Fervor
Connection lost

Rejoining the realm…

Still unreachable

The connection could not be restored.

Session expired

The server has moved on; the page needs a fresh start.